 Dungeon Crawl Stone Soup version 0.25-a0-56-g68f8618 (webtiles) character file.

Game seed: 8639650095143121612, levelgen mode: deterministic

22242 BoppinsLewinski the Slicer (level 13, -2/91 HPs)
             Began as a Halfling Gladiator on Oct 25, 2019.
             Was a Priest of Wu Jian.
             Slain by a spiny frog (12 damage)
             ... on level 5 of the Lair of Beasts.
             The game lasted 01:10:38 (20166 turns).

BoppinsLewinski the Slicer (Halfling Gladiator)    Turns: 20166, Time: 01:10:39

Health: -2/91      AC: 16    Str: 19    XL:     13   Next: 26%
Magic:  18/18      EV: 17    Int:  9    God:    Wu Jian [***...]
Gold:   770        SH:  0    Dex: 17    Spells: 12/12 levels left

rFire    . . .     SeeInvis .   a - +0 rapier
rCold    . . .     Gourm    .   (shield restricted)
rNeg     . . .     Faith    .   F - +0 chain mail
rPois    +         Spirit   .   n - +1 hat {Int+3}
rElec    .         Reflect  .   (no cloak)
rCorr    .         Harm     .   (no gloves)
MR       .....                  t - +2 pair of boots
Stlth    ..........             (no amulet)
HPRegen  0.25/turn              g - ring of poison resistance
MPRegen  0.16/turn              r - +1 ring of evasion

@: lethally poisoned (-2 -> -5)
A: small, horns 1, mutation resistance 1
a: Wall Jump, Serpent's Lash, Renounce Religion


You were on level 5 of the Lair of Beasts.
You worshipped Wu Jian.
Wu Jian was most pleased with you.
You were very hungry.

You visited 3 branches of the dungeon, and saw 17 of its levels.
You also visited: Gauntlet.

You collected 770 gold pieces.

Inventory:

Hand Weapons
 a - a +0 rapier (weapon)
Missiles
 w - 5 datura-tipped darts (quivered)
Armour
 i - the +1 ring mail of Kuqull {*Drain rElec rC+ MR+, unknown}
   (You found it on level 10 of the Dungeon)

   It protects you from cold.
   It insulates you from electricity.
   It affects your resistance to hostile enchantments.
   It causes draining when unequipped.
 n - a +1 hat of intelligence (worn)
 t - a +2 pair of boots (worn)
 F - a +0 chain mail (worn)
Jewellery
 g - a ring of poison resistance (left hand)
 r - a +1 ring of evasion (right hand)
 E - an uncursed ring of flight
Wands
 B - a wand of polymorph (2)
Scrolls
 b - 3 scrolls of enchant weapon
 e - 3 scrolls of remove curse
 h - 2 scrolls of blinking
 k - 3 scrolls of teleportation
 o - a scroll of silence
 p - a scroll of acquirement {unknown}
 q - a scroll of brand weapon {unknown}
 s - a scroll of summoning {unknown}
 v - 5 scrolls of immolation
 x - a scroll of fear {unknown}
 C - a scroll of holy word
 G - a scroll of torment {unknown}
 I - a scroll of fog {unknown}
Potions
 c - 2 potions of cancellation
 d - 4 potions of flight
 j - 4 potions of resistance
 l - 3 potions of curing
 m - a potion of brilliance
 D - 2 potions of ambrosia
Comestibles
 f - 18 rations


   Skills:
 * Level 9.6 Fighting
 + Level 14.0 Short Blades
 - Level 2.0 Throwing
 + Level 9.9 Armour
 + Level 10.4 Dodging
 - Level 7.1 Evocations


You had 12 spell levels left.
You didn't know any spells.
Your spell library contained the following spells:

 Spells                   Type           Power        Failure   Level  Hunger
 Corona                   Hex            #......      97%         1    ##.....
 Infusion                 Chrm           #...         97%         1    ##.....
 Ensorcelled Hibernation  Hex/Ice        #.....       99%         2    ###....
 Shroud of Golubria       Chrm/Tloc      #.....       99%         2    ###....
 Song of Slaying          Chrm           #.......     99%         2    ###....
 Confuse                  Hex            #.......     100%        3    ####...
 Dazzling Spray           Conj/Hex       #.....       100%        3    ####...
 Regeneration             Chrm/Necr      #.........   100%        3    ####...
 Spectral Weapon          Hex/Chrm       #.......     100%        3    ####...
 Tukima's Dance           Hex            #.......     100%        3    ####...


Dungeon Overview and Level Annotations

Branches:
Dungeon (10/15)            Temple (1/1) D:7            Lair (6/6) D:10
 Shoals (0/4) Lair:2       Spider (0/4) Lair:3      Gauntlet (visited)
  Slime: Lair:5-6       Orc: D:9-12

Altars:
Ashenzari
Cheibriados
Hepliaklqana
Nemelex Xobeh
Okawaru
Qazlal
Ru
Sif Muna
Vehumet
Wu Jian
Xom
Yredelemnul
The Shining One

Shops:
D:7 ?   D:8 ?


Innate Abilities, Weirdness & Mutations

You are small and have problems with some larger weapons.
You are somewhat resistant to further mutation.
You have a pair of small horns on your head.


Message History

* * * LOW HITPOINT WARNIN'
* * * Tha spiny frog completely misses ye.
Tha spiny frog closely misses ye.
Ye feel sick.
Tha spiny frog stin's ye but does nay damage.
Tha spiny frog misses ye.
Ye feel sick.
Tha spiny frog barely misses ye.
Tha spiny frog stin's ye but does nay damage.
Ye feel sick.
Tha spiny frog misses ye.
An elephant comes inta view.
Tha spiny frog barely misses ye.
Ye feel sick.
Tha elephant trumpets!
Ye hear a trumpetin'!
Tha spiny frog stin's ye.
* * * LOW HITPOINT WARNIN'
* * * Tha spiny frog barely misses ye.
Tha spiny frog stin's ye but does nay damage.
Ye feel sick.
Tha spiny frog stin's ye but does nay damage.
Tha spiny frog barely misses ye.
Tha spiny frog stin's ye!
Ye die...

.# ## ##. #..
.. ..... ..#.
#.. #.+# ##@###
#FF#.# ###rS#
#.#hh####
#..h+h..#
..###....Y..#P.
#....†......h.
....##.>...###)
....#......#


You could see an elephant, 2 spiny frogs, a water moccasin, 4 wolves and a
porcupine.

Vanquished Creatures
  Gastronok (D:10)
  A hydra (Lair:1)
  A catoblepas (Lair:2)
  A two-headed ogre (Lair:1)
  A queen ant (Lair:3)
  6 spiny frogs
  2 merfolk sirens (Lair:2)
  Psyche (D:8)
  A rime drake (Lair:3)
  2 komodo dragons (Lair:1)
  A demonic crawler (Lair:3)
  2 merfolk (Lair:2)
  2 polar bears
  Prince Ribbit (D:8)
  13 blink frogs
  5 hippogriffs
  2 wyverns
  23 yaks
  2 hungry ghosts
  Grum (D:9)
  A steam dragon (D:7)
  2 basilisks (Lair:3)
  4 water moccasins
  7 porcupines
  2 orc warriors
  3 black bears
  2 necrophages
  5 sky beasts
  A phantom (D:6)
  An ice beast (D:5)
  4 ogres
  4 wolves (D:9)
  3 crocodiles
  3 big kobolds
  6 bullfrogs
  A wyvern skeleton (D:10)
  2 scorpions
  3 killer bees (D:8)
  2 howler monkeys (D:7)
  A bullfrog zombie (D:6)
  2 centaur zombies
  A crimson imp (D:6)
  A gnoll shaman (D:4)
  4 hounds
  4 jellies
  A centaur skeleton (D:10)
  4 orc priests
  2 bullfrog skeletons
  2 iguanas
  12 orc wizards
  11 worker ants
  A howler monkey zombie (D:10)
  2 worker ant zombies
  9 gnolls
  10 adders
  2 shadow imps (D:7)
  An ooze (D:1)
  3 adder skeletons
  5 worms
  2 dart slugs
  3 leopard geckos (D:2)
  22 orcs
  12 bats
  4 giant cockroaches
  4 goblins
  9 hobgoblins
  7 jackals
  17 kobolds
  3 quokkas
  3 ball pythons
  2 frilled lizards (D:1)
  A leopard gecko skeleton (D:4)
  2 quokka skeletons (D:4)
  7 rats
  A butterfly (Lair:1)
  A plant (D:10)
303 creatures vanquished.

Vanquished Creatures (others)
  14 fungi
  7 plants
21 creatures vanquished.

Grand Total: 324 creatures vanquished

Notes
Turn   | Place    | Note
-------+----------+-------------------------------------------
     0 | D:1      | BoppinsLewinski the Halfling Gladiator began the quest for
                  | the Orb.
     0 | D:1      | Reached XP level 1. HP: 14/14 MP: 1/1
    93 | D:1      | Reached XP level 2. HP: 14/19 MP: 2/2
   145 | D:1      | Reached skill level 4 in Short Blades
   204 | D:1      | Reached XP level 3. HP: 19/24 MP: 3/3
   391 | D:1      | Reached skill level 1 in Armour
   528 | D:1      | Found a glowing golden altar of the Shining One.
   969 | D:2      | Reached XP level 4. HP: 28/29 MP: 4/4
  1380 | D:2      | Found a hazy altar of Hepliaklqana.
  1381 | D:2      | Found a shimmering altar of Xom.
  1382 | D:2      | Noticed a spectral ugly thing
  1688 | D:3      | Reached XP level 5. HP: 31/35 MP: 5/5
  1769 | D:3      | Reached skill level 5 in Short Blades
  1878 | D:3      | Found a faded altar of an unknown god.
  2472 | D:4      | Reached XP level 6. HP: 18/41 MP: 6/6
  3718 | D:4      | Reached skill level 6 in Short Blades
  3723 | D:4      | Reached XP level 7. HP: 33/46 MP: 7/7
  4199 | D:5      | Entered Level 5 of the Dungeon
  4476 | D:5      | Reached skill level 7 in Short Blades
  4476 | D:5      | Reached skill level 5 in Dodging
  4690 | D:5      | Reached XP level 8. HP: 26/52 MP: 8/8
  5901 | D:6      | Reached skill level 8 in Short Blades
  6221 | D:6      | Found an iron altar of Okawaru.
  6605 | D:6      | Found a glowing golden altar of the Shining One.
  6704 | D:6      | Reached skill level 1 in Evocations
  6745 | D:6      | Reached XP level 9. HP: 50/59 MP: 9/9
  6827 | D:6      | Reached skill level 5 in Armour
  6975 | D:7      | Found a staircase to the Ecumenical Temple.
  7031 | Temple   | Entered the Ecumenical Temple
  7040 | Temple   | Became a worshipper of the Wu Jian Council
  7077 | D:7      | Found Qynoos's Magic Scroll Emporium.
  7128 | D:7      | Reached skill level 9 in Short Blades
  7482 | D:7      | You fall into a shaft and drop 3 floors!
  7482 | D:10     | Entered Level 10 of the Dungeon
  7575 | D:8      | Noticed Psyche
  7575 | D:8      | Found a stormy altar of Qazlal.
  8010 | D:8      | Found Usits's Magic Scroll Boutique.
  8073 | D:8      | Reached skill level 5 in Fighting
  8215 | D:8      | Gained mutation: You have a pair of small horns on your
                  | head. [potion of mutation]
  8365 | D:8      | Reached * piety under Wu Jian
  8425 | D:8      | Noticed Prince Ribbit
  8431 | D:8      | Killed Prince Ribbit
  8460 | D:8      | Reached skill level 10 in Short Blades
  8495 | D:8      | Killed Psyche
  8495 | D:8      | Reached XP level 10. HP: 66/66 MP: 12/12
  8506 | D:8      | Found a snail-covered altar of Cheibriados.
  8580 | D:8      | Found a sparkling altar of Nemelex Xobeh.
  9074 | D:9      | Found a shimmering blue altar of Sif Muna.
  9386 | D:9      | Noticed Grum
  9737 | D:9      | Killed Grum
  9772 | D:9      | Reached skill level 11 in Short Blades
 10634 | D:10     | Found a glowing golden altar of the Shining One.
 10882 | D:10     | Reached ** piety under Wu Jian
 11221 | D:10     | Found a staircase to the Lair.
 11435 | D:10     | Reached XP level 11. HP: 51/72 MP: 14/14
 11508 | D:10     | Reached skill level 5 in Evocations
 11926 | D:10     | Got a warped ring mail
 11941 | D:10     | Reached skill level 12 in Short Blades
 11964 | D:10     | Noticed Gastronok
 11984 | D:10     | Killed Gastronok
 12177 | Lair:1   | Entered Level 1 of the Lair of Beasts
 12225 | Lair:1   | Noticed a seven-headed hydra
 12238 | Lair:1   | Found a gate leading to a gauntlet.
 12247 | Gauntlet | Entered a Gauntlet
 12247 | Gauntlet | Found a transporter.
 12247 | Gauntlet | Found a transporter.
 12250 | Gauntlet | Found a transporter.
 12251 | Gauntlet | Found a transporter.
 12252 | Gauntlet | Found a transporter.
 12255 | Gauntlet | Noticed a swamp dragon
 12260 | Gauntlet | Noticed a death ooze
 12261 | Gauntlet | Found a transporter.
 12262 | Gauntlet | Found a transporter.
 12319 | Gauntlet | Noticed a fire crab
 12321 | Gauntlet | a fire crab changed into a floating eye
 12328 | Gauntlet | Found a transporter.
 12331 | Gauntlet | Noticed a swamp dragon
 12331 | Gauntlet | a floating eye changed into a swamp dragon
 12333 | Gauntlet | Noticed a shining eye
 12333 | Gauntlet | a swamp dragon changed into a shining eye
 12338 | Gauntlet | Found a transporter.
 12353 | Gauntlet | Found a transporter.
 12365 | Gauntlet | Found a transporter.
 12378 | Gauntlet | Found a transporter.
 12431 | Gauntlet | Noticed a swamp dragon
 12447 | Gauntlet | a swamp dragon changed into a swamp worm
 12639 | Gauntlet | Noticed a sea snake
 13649 | Lair:1   | Reached skill level 13 in Short Blades
 14035 | Lair:1   | Noticed a six-headed hydra
 14049 | Lair:1   | Killed a six-headed hydra
 14049 | Lair:1   | Reached XP level 12. HP: 52/81 MP: 16/16
 14449 | Lair:1   | a seven-headed hydra changed into a cyclops
 14450 | Lair:1   | Noticed a two-headed ogre
 14450 | Lair:1   | a cyclops changed into a two-headed ogre
 14461 | Lair:1   | Killed a two-headed ogre
 15508 | Lair:2   | Noticed a catoblepas
 15904 | Lair:2   | You fall into a shaft and drop 1 floor!
 16031 | Lair:3   | Reached *** piety under Wu Jian
 16775 | Lair:2   | Killed a catoblepas
 17752 | Lair:2   | Reached skill level 10 in Dodging
 17897 | Lair:2   | Found a staircase to the Shoals.
 17954 | Lair:2   | Reached XP level 13. HP: 16/90 MP: 18/18
 18533 | Lair:3   | You fall into a shaft and drop 1 floor!
 19469 | Lair:3   | Found a hole to the Spider Nest.
 19515 | Lair:3   | Noticed a seven-headed hydra
 19516 | Lair:3   | a seven-headed hydra changed into a queen ant
 20111 | Lair:4   | You fall into a shaft and drop 2 floors!
 20111 | Lair:6   | Entered Level 6 of the Lair of Beasts
 20153 | Lair:5   | Reached skill level 14 in Short Blades
 20166 | Lair:5   | Slain by a spiny frog

Levels and vault maps discovered:
D:1:      noname_arrival_rooms_in_the_neighbourhood, layout_basic, minivault_26,
          tso_metal_star
D:2:      layout_loops_cross, regret_index_temple_of_mockery
D:3:      layout_loops_cross, chequers_ecumenical_altar_twisty
D:4:      layout_cave_pods
D:5:      layout_cave_pools, serial_column_ruins, column_ruins_square_huge,
          column_ruins_grid_3, column_ruins_open_medium,
          column_ruins_open_small, column_ruins_grid_1, first_ration
D:6:      layout_layer_cave, kennysheep_mini, okawaru_metal_pillars_3
D:7:      layout_basic, minmay_temple_entry_statues_pillars, serial_shops,
          nicolae_shop_window_shopping
D:8:      layout_cave_pools, lemuel_round_altar, old_standard_altar,
          basic_altar, serial_shops, nicolae_shop_behind_doors, grunt_ogre_cave,
          uniq_psyche, uniq_prince_ribbit1
D:9:      layout_roguey, led_sif_pool, st_stairs_12, uniq_grum
D:10:     layout_cave_pools, dpeg_oklobed_lair, basic_altar, library_closet,
          uniq_gastronok
Temple:   compressed_dpeg_circular_temple
Lair:1:   layout_misc_corridors, gauntlet_entry_generic, beast_lair_carwin_4,
          grunt_megastairs_4, lemuel_fruit_fields
Lair:2:   layout_regular_city, elwin_shoals_entry_stream
Lair:3:   layout_roguey, nicolae_spider_entry_non_spiders, serial_bayou_shore_b,
          serial_bayou_shore_b
Lair:4:   layout_hall_layers, chequers_serial_rivers_room_b,
          chequers_serial_rivers_small_b
Lair:5:   layout_roguey, dpeg_slime_entry_enclosed_altar,
          maelrawn_ghost_gauntlet_escape
Lair:6:   grunt_lair_end_beastmaster, layout_gridlike, serial_bayou_pond_e,
          lemuel_fruit_tree

Table legend:
 A = Non-vault XP
 B = Vault XP
 C = Vault XP percentage of total XP
 D = Non-vault monster count
 E = Vault monster count
 F = Vault count percentage of total count
                 A         B        C        D         E       F
            +---------+---------+-------+---------+---------+-------
      Total |   24705 |    7070 |  22.3 |     273 |      28 |   9.3
            +---------+---------+-------+---------+---------+-------
        D:1 |      41 |       0 |   0.0 |      23 |       0 |   0.0
        D:2 |      93 |       0 |   0.0 |      25 |       0 |   0.0
        D:3 |      64 |       0 |   0.0 |      12 |       0 |   0.0
        D:4 |     469 |       0 |   0.0 |      30 |       0 |   0.0
        D:5 |     499 |       0 |   0.0 |      13 |       0 |   0.0
        D:6 |     986 |       0 |   0.0 |      15 |       0 |   0.0
        D:7 |     534 |       0 |   0.0 |      12 |       0 |   0.0
        D:8 |     500 |     825 |  62.3 |      17 |       3 |  15.0
        D:9 |    1968 |     644 |  24.7 |      29 |       6 |  17.1
       D:10 |    2634 |    2130 |  44.7 |      34 |       1 |   2.9
     Lair:1 |    6218 |    1438 |  18.8 |      21 |       7 |  25.0
     Lair:2 |    4945 |    1553 |  23.9 |      19 |       4 |  17.4
     Lair:3 |    5591 |     480 |   7.9 |      22 |       7 |  24.1
     Lair:5 |     163 |       0 |   0.0 |       1 |       0 |   0.0
            +---------+---------+-------+---------+---------+-------
